 Dungeon Crawl Stone Soup version 0.31-a0-543-geaa9c7a2c0 (webtiles) character file.

Game seed: 12395473974610827080

30 Ethylacetat the Insei (level 3, 0/25 HPs)
             Began as an Octopode Gladiator on Aug 15, 2023.
             Slain by a quokka (1 damage)
             ... on level 1 of the Dungeon.
             The game lasted 00:01:54 (1028 turns).

Ethylacetat the Insei (Octopode Gladiator)          Turns: 1028, Time: 00:01:54

Health: 0/25       AC:  1    Str: 13    XL:     3   Next: 18%
Magic:  3/3        EV: 14    Int: 10    God:
Gold:   88         SH:  0    Dex: 15    Spells: 2/2 levels left

rFire   . .          .
                       - Unarmed
rCold   . . .        (no shield)
rNeg    . . .        a - +0 hat
rPois   .            (no amulet)
rElec   .            (no ring)
rCorr   .            (no ring)
SInv    .            (no ring)
Will    .....        (no ring)
Stlth   ++           (no ring)
HPRegen 0.24/turn    (no ring)
MPRegen 0.08/turn    (no ring)
                     (no ring)

%: no passive effects
@: mighty
A: almost no armour, amphibious, 8 rings, camouflage 1, gelatinous body 1,
(nimble swimmer 1), tentacles
a: no special abilities


You were on level 1 of the Dungeon.
You visited 1 branch of the dungeon, and saw 1 of its levels.

You collected 88 gold pieces.

Inventory:

Missiles
 b - 3 throwing nets (quivered)
 c - a javelin
Armour
 a - a +0 hat (worn)
Scrolls
 e - a scroll of blinking {unknown}
 f - a scroll of fear {unknown}
 g - 3 scrolls of noise {unknown}
 h - 2 scrolls of amnesia {unknown}
 i - a scroll of torment {unknown}


   Skills:
 + Level 2.6 Fighting
 - Level 2.0 Throwing
 + Level 3.4 Dodging
 + Level 3.4 Unarmed Combat


You had 2 spell levels left.
You didn't know any spells.
Your spell library was empty.

Dungeon Overview and Level Annotations

Branches:
Dungeon (1/15)

Altars:


Innate Abilities, Weirdness & Mutations

You cannot wear most types of armour.
You are amphibious.
You can wear up to eight rings at the same time.
Your skin changes colour to match your surroundings (Stealth+).
Your rubbery body absorbs attacks. (AC +1, EV +1)
((You are camouflaged when in or above water. (Stealth+)))
You have tentacles for arms and can constrict up to eight enemies at once.


Message History

You barely miss the rat. Your grab misses the rat. The rat misses you.
The rat closely misses you.
The frilled lizard unfolds its giant frill.
The hobgoblin barely misses you.
You tentacle-slap the rat. Your grab misses the rat.
Your squeeze misses the rat.
The rat is heavily wounded.
The rat bites you. x2; The hobgoblin misses you.
You tentacle-slap the rat.
You kill the rat!
The rat misses you. The hobgoblin misses you.
You tentacle-slap the goblin.
You kill the goblin!
The rat misses you. The hobgoblin hits you.
You tentacle-slap the rat. You grab the rat.
The rat is heavily wounded.
You constrict the rat.
You kill the rat!
The hobgoblin closely misses you.
You tentacle-slap the frilled lizard. Your grab misses the frilled lizard.
Your squeeze misses the frilled lizard.
The frilled lizard is heavily wounded.
You bludgeon the frilled lizard!
You kill the frilled lizard!
The hobgoblin closely misses you. The quokka bites you.
You tentacle-slap the hobgoblin. Your grab misses the hobgoblin.
The hobgoblin is heavily wounded.
The quokka bites you. The hobgoblin hits you. The quokka bites you.
* * * LOW HITPOINT WARNING * * *
The quokka misses you.
It was a potion of might.
You feel very mighty all of a sudden. The hobgoblin closely misses you.
The quokka bites you.
* * * LOW HITPOINT WARNING * * *
The quokka barely misses you.
You barely miss the hobgoblin. Your grab misses the hobgoblin.
You squeeze the hobgoblin.
You kill the hobgoblin!
The quokka bites you.
You die...

############################.....
#...#.)...................#####.#
..#[#..#....#.............#####..
#..#...#...#........###...#......
#.##.......#..............######.
..#...#..##....########...# #.).
.#..##...#....## ....#...# #.#.
#...#..#.....#####Sgw.#...####.#.
.....##......8.#@#....#......#.#.
..#..)........)rrlg...#...##.#.#.
)#..##.##.......w'....#...##.#.#.
.).#.........8.#.#.⌠..#...##.....
...#.#...#...#####....#...##.....
#...##....##..## ....#...#......
...#....#...#..########...#......
##.....#..................#..#'##
############################.#.#.


You could see a dart slug, 2 quokkas, a goblin and a frilled lizard.

Vanquished Creatures
  3 bats (D:1)
  An endoplasm (D:1)
  3 giant cockroaches (D:1)
  5 goblins (D:1)
  3 hobgoblins (D:1)
  5 ball pythons (D:1)
  A frilled lizard (D:1)
  5 kobolds (D:1)
  2 rats (D:1)
28 creatures vanquished.

Notes
Turn   | Place    | Note
-------+----------+-------------------------------------------
     0 | D:1      | Ethylacetat the Octopode Gladiator began the quest for the
                  | Orb.
     0 | D:1      | Reached XP level 1. HP: 14/14 MP: 1/1
    83 | D:1      | Found a large runed translucent door.
    83 | D:1      | Found a large runed translucent door.
   116 | D:1      | Reached XP level 2. HP: 19/19 MP: 2/2
  1009 | D:1      | Reached XP level 3. HP: 11/25 MP: 3/3
  1027 | D:1      | HP: 1/25 [quokka (3)]
  1028 | D:1      | Slain by a quokka

Illustrated notes

Levels and vault maps discovered:
D:1:      erik_arrival_cave_to_civilisation [erik_arrival_cave_to_temple],
          layout_loops_ring, roderic_serpentine_path

Action                     || total
---------------------------++-------
  Melee: Unarmed           ||    64
         Tentacles         ||     8
         Punch             ||     1
         Constrict         ||    12
    Use: Potion            ||     2
   Stab: Sleeping          ||     4
 Armour: Skin              ||     4
  Dodge: Dodged            ||    66

Table legend: (Time is in decaauts)
 A = Elapsed time spent in this place.
 B = Non-inter-level travel time spent in this place.
 C = Inter-level travel time spent in this place.
 D = Time resting spent in this place.
 E = Time spent auto-exploring this place.
 F = Levels seen in this place.
 G = Mean time per level.
                   A        B        C        D        E       F      G
               +--------+--------+--------+--------+--------+-----+--------+
         Total |   1023 |   1023 |      0 |      0 |    906 |   1 | 1023.0 |
       Dungeon |   1023 |   1023 |      0 |      0 |    906 |   1 | 1023.0 |
               +--------+--------+--------+--------+--------+-----+--------+

Top non-repeatable levels by time:
     D:1: 1023 daAuts
